 Dungeon Crawl Stone Soup version 0.27-a0-732-ga892ba84f6 (webtiles) character file.

Game seed: 11568354325470183134

74 ShadowManNeo the Grave Robber (level 4, -3/31 HPs)
             Began as a Demonspawn Necromancer on Mar 23, 2021.
             Slain by an ogre
             ... wielding a +0 giant spiked club
              (28 damage)
             ... on level 2 of the Dungeon.
             The game lasted 00:06:36 (2453 turns).

ShadowManNeo the Grave Robber (DsNe)                Turns: 2453, Time: 00:06:37

Health: -3/31      AC:  4    Str: 10    XL:     4   Next: 9%
Magic:  2/8        EV: 11    Int: 16    God:
Gold:   39         SH:  0    Dex: 13    Spells: 7/8 levels left

rFire    . . .     SeeInvis .   i - +0 quarterstaff
rCold    . . .     Faith    .   (shield currently unavailable)
rNeg     . . .     Spirit   .   b - +0 leather armour
rPois    .         Reflect  .   c - +0 helmet
rElec    .         Harm     .   (no cloak)
rCorr    .         Rampage  .   (no gloves)
Will     .....                  (no boots)
Stlth    ++........             (no amulet)
HPRegen  0.10/turn              (no ring)
MPRegen  0.11/turn              (no ring)

@: no status effects
A: powered by death 2, powered by pain 1
a: no special abilities


You were on level 2 of the Dungeon.
You visited 1 branch of the dungeon, and saw 2 of its levels.

You collected 39 gold pieces.

Inventory:

Hand Weapons
 i - a +0 quarterstaff (weapon)
Missiles
 f - 40 stones
Armour
 b - a +0 leather armour (worn)
 c - a +0 helmet (worn)
Jewellery
 g - a ring of wizardry
Scrolls
 d - a scroll of noise {unknown}
 e - a scroll of identify {unknown}
 h - a scroll of immolation {unknown}
 k - a scroll of random uselessness {unknown}
Potions
 a - a potion of haste {unknown}
 j - a potion of lignification {unknown}


   Skills:
 * Level 0.6 Fighting
 + Level 0.2 Staves
 * Level 0.8 Armour
 * Level 2.2 Dodging
 + Level 1.7 Stealth
 * Level 2.6 Spellcasting
 * Level 5.1 Necromancy


You had 7 spell levels left.
You knew the following spells:

 Your Spells              Type           Power      Damage    Failure   Level
a - Pain                  Necr           72%        1d7       3%          1

Your spell library contained the following spells:

 Spells                   Type           Power      Damage    Failure   Level
 Animate Skeleton         Necr           36%        N/A       3%          1
 Vampiric Draining        Necr           9%         2d7       10%         3
 Animate Dead             Necr           9%         N/A       32%         4
 Agony                    Necr           18%        N/A       65%         5


Dungeon Overview and Level Annotations

Branches:
Dungeon (2/15)

Altars:
Cheibriados
Hepliaklqana
Wu Jian
The Shining One


Innate Abilities, Weirdness & Mutations

You regenerate health from kills.
You sometimes gain a little power by taking damage.


Message History

You see here a +0 short sword.
f - 40 stones (gained 1)
You see here a +0 short sword.
A worm comes into view.
The worm writhes in agony.
The worm writhes in agony.
The worm writhes in agony.
The worm writhes in agony.
The worm writhes in agony!
You kill the worm!
You can't see any susceptible monsters within range! (Use Z to cast anyway.)
You can't see any susceptible monsters within range! (Use Z to cast anyway.)
You see here a worm corpse.
A rat comes into view.
The rat writhes in agony.
You kill the rat!
You can't see any susceptible monsters within range! (Use Z to cast anyway.)
k - a scroll labelled KUZUOS SAURIOR A bat comes into view.
Found an escape hatch in the floor.
The bat writhes in agony.
You kill the bat!
You can't see any susceptible monsters within range! (Use Z to cast anyway.)
You see here a bat corpse.
Found 17 poisoned darts.
An ogre comes into view. It is wielding a +0 giant spiked club.
The ogre shouts!
The ogre writhes in agony.
The ogre writhes in agony!
The ogre writhes in agony.
You can't see any susceptible monsters within range! (Use Z to cast anyway.)
You can't see any susceptible monsters within range! (Use Z to cast anyway.)
You can't see any susceptible monsters within range! (Use Z to cast anyway.)
An ogre is nearby!
The ogre writhes in agony.
The ogre misses you.
The ogre writhes in agony.
The ogre barely misses you.
The ogre barely resists.
The ogre hits you with a +0 giant spiked club!!
Ouch! That really hurt!
You die...

#### ...# ####
...###################..
...
................@......#
#..
...##############O......
##.. ...# ....... ##.<.
...# ....... #....
...#######.. .......
##...† .###.......#
##.#### ##...###
....†####### .# #..# #
#.#### ## ##.. ### ..##
###..####..


You could see an ogre.

Vanquished Creatures
  A worm (D:2)
  7 giant cockroaches (D:1)
  A goblin (D:2)
  7 hobgoblins
  7 jackals (D:1)
  9 oozes
  3 quokkas
  8 ball pythons
  6 bats
  3 frilled lizards
  6 kobolds
  6 rats
64 creatures vanquished.

Notes
Turn   | Place    | Note
-------+----------+-------------------------------------------
     0 | D:1      | ShadowManNeo the Demonspawn Necromancer began the quest for
                  | the Orb.
     0 | D:1      | Reached XP level 1. HP: 13/13 MP: 3/3
     2 | D:1      | Found a runed translucent door.
   309 | D:1      | Gained mutation: You sometimes gain a little power by
                  | taking damage. [demonic ancestry]
   309 | D:1      | Reached XP level 2. HP: 6/19 MP: 0/5
  1264 | D:1      | Gained mutation: You regenerate a little health from kills.
                  | [demonic ancestry]
  1264 | D:1      | Reached XP level 3. HP: 20/25 MP: 4/6
  1731 | D:1      | Reached skill level 5 in Necromancy
  2138 | D:2      | Found a hazy altar of Hepliaklqana.
  2155 | D:2      | Found a snail-covered altar of Cheibriados.
  2181 | D:2      | Found an ornate altar of the Wu Jian Council.
  2247 | D:2      | Gained mutation: You regenerate health from kills. [demonic
                  | ancestry]
  2247 | D:2      | Reached XP level 4. HP: 30/31 MP: 4/7
  2446 | D:2      | Noticed an ogre
  2453 | D:2      | Slain by an ogre

Illustrated notes

Levels and vault maps discovered:
D:1:      dpeg_arrival_caged_fury, layout_basic,
          amcnicky_mini_rare_corridor_liquid, minmay_door_square, minmay_cupped
D:2:      layout_rooms, nicolae_overflow_quartered_altars, serial_shops,
          nicolae_shop_crystal, minmay_tetromino_t2

Skill      XL: |  1  2  3 |
---------------+----------+-----
Dodging        | 2 |  2.2
Necromancy     | 5 |  5.1
Fighting       | |  0.6
Staves         | |  0.2
Armour         | |  0.8
Stealth        | |  1.7
Spellcasting   | |  2.6

Action                   |  1- 3 |  4- 6 || total
-------------------------+-------+-------++-------
Melee: Short sword       |     7 |       ||     7
       Quarterstaff      |    31 |       ||    31
 Cast: Pain              |    89 |    15 ||   104
Armor: Leather armour    |    13 |       ||    13
Dodge: Dodged            |    32 |     2 ||    34

Table legend: (Time is in decaauts)
 A = Elapsed time spent in this place.
 B = Non-inter-level travel time spent in this place.
 C = Inter-level travel time spent in this place.
 D = Time resting spent in this place.
 E = Time spent auto-exploring this place.
 F = Levels seen in this place.
 G = Mean time per level.
                   A        B        C        D        E       F      G
               +--------+--------+--------+--------+--------+-----+--------+
         Total |   2461 |   2354 |    107 |      0 |   2054 |   2 | 1230.5 |
       Dungeon |   2461 |   2354 |    107 |      0 |   2054 |   2 | 1230.5 |
               +--------+--------+--------+--------+--------+-----+--------+

Top non-repeatable levels by time:
     D:1: 1857 daAuts
     D:2: 604 daAuts
